 Dungeon Crawl Stone Soup version 0.30.1-9-gdf580d7c3d (webtiles) character file.

Game seed: 11662370665289508416

331 leafyfresh the Magician (level 6, -4/40 HPs)
             Began as a Djinni Ice Elementalist on Oct 4, 2023.
             Slain by an ogre
             ... wielding a +0 giant club
              (35 damage)
             ... on level 4 of the Dungeon.
             The game lasted 00:08:24 (3458 turns).

leafyfresh the Magician (Djinni Ice Elementalist)   Turns: 3458, Time: 00:08:25

Health: -4/40      AC:  3    Str:  7    XL:     6   Next: 82%
Gold:   131        EV: 12    Int: 18    God:
                   SH:  0    Dex: 14

rFire   + + .        r - staff of cold
rCold   . . .        (no shield)
rNeg    . . .        a - +0 robe
rPois   ∞            (no helmet)
rElec   .            (no cloak)
rCorr   .            c - +0 pair of gloves
SInv    +            (boots unavailable)
Will    .....        (no amulet)
Stlth   ++           s - ring of see invisible
HPRegen 0.26/turn    (no ring)
MPRegen 0.00/turn

%: infuse magic (-5 HP)
@: flying
A: sickness immunity, fire resistance 2, cold vulnerability 1, float, innate
caster, HP casting, extra vitality 1
a: no special abilities


You were on level 4 of the Dungeon.
You visited 1 branch of the dungeon, and saw 4 of its levels.

You collected 131 gold pieces.

Inventory:

Hand Weapons
 b - a +0 short sword
 l - a +0 sling
Missiles
 d - 16 stones (quivered)
Armour
 a - a +0 robe (worn)
 c - a +0 pair of gloves (worn)
Magical Staves
 r - a staff of cold (weapon)
Jewellery
 s - a ring of see invisible (left hand)
Wands
 h - a wand of quicksilver (2)
Scrolls
 e - 2 scrolls of torment
 g - 3 scrolls of fear
 i - a scroll of blinking
 j - a scroll of enchant weapon
 m - 2 scrolls of fog
 n - a scroll of noise
 x - a scroll of identify
 y - a scroll of brand weapon {unknown}
Potions
 f - 2 potions of curing
 k - a potion of attraction {unknown}
 o - a potion of magic {unknown}
 p - 4 potions of degeneration {unknown}
 q - 2 potions of invisibility {unknown}
 t - a potion of brilliance {unknown}
 u - 2 potions of cancellation {unknown}
 v - 2 potions of might {unknown}
 w - 3 potions of mutation {unknown}


   Skills:
 - Level 2.1 Dodging
 - Level 1.5 Stealth
 + Level 5.9 Spellcasting


You knew the following spells:

 Your Spells              Type           Power      Damage    Failure   Level
a - Freeze                Ice            100%       1d10      1%          1
b - Frozen Ramparts       Ice            80%        1d13      3%          3
c - Ozocubu's Armour      Ice            40%        N/A       3%          3
d - Summon Ice Beast      Ice/Summ       40%        N/A       11%         4
e - Magic Dart            Conj           100%       1d8       1%          1
f - Lesser Beckoning      Tloc           52%        N/A       1%          2
Your spell library was empty.

Dungeon Overview and Level Annotations

Branches:
Dungeon (4/15)
 Temple: D:4-7

Altars:
Hepliaklqana
Okawaru

Shops:
D:4 (


Innate Abilities, Weirdness & Mutations

You are immune to sickness and miasma.
You are immune to poison.
Your flesh is very heat resistant. (rF++)
You are vulnerable to cold. (rC-)
You float through the air rather than walking.
You learn spells naturally, not from books.
Your magical power is your life essence.
You have superior vitality. (+4 MHP)


Message History

The orc is moderately wounded.
Casting: Magic Dart (safe; 1% risk of failure)
Confirm with . or Enter, or press ? or * to list all spells.
Aiming: Magic Dart (safe; 1% risk of failure)
Press: ? - help, Shift-Dir - straight line, f/p - orc
Aim: an orc, wielding a +0 whip and wearing a +0 ring mail (moderately wounded, 100% to hit)
The magic dart hits the orc but does no damage.
The orc is moderately wounded.
The orc completely misses you.
You are now empty-handed.
The orc hits you with a +0 whip.
Okay, then.
Unknown command.
Casting: Magic Dart (safe; 1% risk of failure)
Confirm with . or Enter, or press ? or * to list all spells.
Aiming: Magic Dart (safe; 1% risk of failure)
Press: ? - help, Shift-Dir - straight line, f/p - orc
Aim: an orc, wielding a +0 whip and wearing a +0 ring mail (moderately wounded, 100% to hit)
The magic dart hits the orc.
You kill the orc!
Casting: Magic Dart (safe; 1% risk of failure)
Confirm with . or Enter, or press ? or * to list all spells.
You can't see any susceptible monsters within range! (Use Z to cast anyway.) Unknown command.
r - a staff of cold (weapon)
An ogre comes into view. It is wielding a +0 giant club.
Found a glowing orb.
You see here 13 gold pieces.
An ogre is nearby!
The ogre shouts!
An ogre is nearby!
Casting: Magic Dart (safe; 1% risk of failure)
Confirm with . or Enter, or press ? or * to list all spells.
Okay, then.
Casting: Magic Dart (safe; 1% risk of failure)
Confirm with . or Enter, or press ? or * to list all spells.
The spell is quite dangerous to miscast (11% risk of failure)!
Continue anyway?
You feel a surge of power! A chill wind blows around you.
The ogre hits you with a +0 giant club!!
Ouch! That really hurt!
You die...

##. #. ......... #
#..##. ......... #.
.....#........ #.
..#.#.#.[.#. . ....
#..### #.)..#.... .. ...
##..#.####.).#..###...
.. #...........$.......#
.
#######...............#.
8.((..#..##.#...@.......
8.....∩.###.#....O......
8.....#...........Y...##
#######....)###.......#
#...........###.......#
##..........##..........
#...........#...##.....
##.#...........## #....
####......##...## ##


You could see an ogre (ally target) and a friendly ice beast (summoned).

Vanquished Creatures
  Sigmund (D:3)
  An orc priest (D:3)
  Terence (D:2)
  Robin (D:2)
  2 adders
  4 worms
  2 dart slugs
  8 orcs
  An endoplasm (D:2)
  5 giant cockroaches
  14 goblins
  8 hobgoblins
  2 jackals (D:2)
  3 quokkas
  4 ball pythons
  4 bats
  2 frilled lizards (D:2)
  5 kobolds
  5 rats
73 creatures vanquished.

Notes
Turn   | Place    | Note
-------+----------+-------------------------------------------
     0 | D:1      | leafyfresh the Djinni Ice Elementalist began the quest for
                  | the Orb.
     0 | D:1      | leafyfresh set off with the following spells memorised:
                  | Freeze, Frozen Ramparts, Ozocubu's Armour, Summon Ice
                  | Beast.
     0 | D:1      | Reached XP level 1. HP: 15/15 MP: 0/0
   329 | D:1      | Reached XP level 2. HP: 21/21 MP: 0/0
  1169 | D:2      | Noticed Robin
  1173 | D:2      | Reached XP level 3. HP: 24/25 MP: 0/0
  1173 | D:2      | Learned a level 1 spell: Magic Dart
  1177 | D:2      | Reached skill level 4 in Spellcasting
  1180 | D:2      | Killed Robin
  1372 | D:2      | Reached XP level 4. HP: 24/31 MP: 0/0
  1939 | D:2      | Noticed Terence
  1946 | D:2      | Killed Terence
  2266 | D:2      | Reached XP level 5. HP: 32/35 MP: 0/0
  2266 | D:2      | Learned a level 2 spell: Lesser Beckoning
  2600 | D:3      | Reached skill level 5 in Spellcasting
  2739 | D:3      | Found an iron altar of Okawaru.
  2757 | D:3      | Noticed Sigmund
  2798 | D:3      | Killed Sigmund
  2799 | D:3      | Reached XP level 6. HP: 20/40 MP: 0/0
  2973 | D:3      | Found a hazy altar of Hepliaklqana.
  3370 | D:4      | Found Donoisu's Firing Range.
  3454 | D:4      | Noticed an ogre
  3458 | D:4      | Slain by an ogre

Illustrated notes

Levels and vault maps discovered:
D:1:      nzn_arrival_settlement, layout_loops_ring, serial_forest,
          infiniplex_forest_clump_tiny, infiniplex_forest_pool,
          infiniplex_forest_clump_C, infiniplex_forest_straight_4,
          infiniplex_forest_lined_2, infiniplex_forest_clump_curved,
          chequers_hall_statues_y
D:2:      layout_basic, uniq_terence, uniq_robin
D:3:      layout_basic, nicolae_hepliaklqana_hazy_memory,
          okawaru_metal_pillars_3, uniq_sigmund
D:4:      layout_cave_pools, nicolae_shop_firing_range

Skill      XL: |  1  2  3  4  5 |
---------------+----------------+-----
Spellcasting   | 4 5 |  5.9
Dodging        | |  2.1
Stealth        | |  1.5

Action                     |  1- 3 |  4- 6 || total
---------------------------+-------+-------++-------
  Melee: Short sword       |    46 |       ||    46
         Unarmed           |     2 |       ||     2
         Staff             |       |    30 ||    30
   Cast: Freeze            |    16 |    20 ||    36
         Frozen Ramparts   |     2 |    11 ||    13
         Ozocubu's Armour  |       |     2 ||     2
         Magic Dart        |       |    48 ||    48
         Summon Ice Beast  |       |     1 ||     1
    Use: Scroll            |       |     7 ||     7
 Armour: Robe              |    12 |    22 ||    34
  Dodge: Dodged            |    36 |    50 ||    86
